 Dungeon Crawl Stone Soup version 0.19.4-9-g45fd643 (webtiles) character file.

40 Magnus the Slasher (level 3, 0/27 HPs)
             Began as a Demonspawn Gladiator on Feb 20, 2017.
             Slain by a gnoll
             ... wielding a +0 spear of piercing
              (4 damage)
             ... on level 1 of the Dungeon.
             The game lasted 00:03:03 (1069 turns).

Magnus the Slasher (Demonspawn Gladiator)           Turns: 1069, Time: 00:03:04

Health: 0/27       AC:  6    Str: 15    XL:     3   Next: 30%
Magic:  3/3        EV: 12    Int:  9    God:
Gold:   74         SH:  0    Dex: 14    Spells: 0 memorised, 2 levels left

rFire  . . .     SeeInvis .       - Unarmed
rCold  . . .     Gourm    .     b - +0 leather armour
rNeg   . . .     Faith    .     (no shield)
rPois  .         Spirit   .     c - +0 helmet
rElec  .         Reflect  .     (no cloak)
rCorr  .         Harm     .     (no gloves)
MR     .....                    i - +1 pair of boots
Stlth  +.........               (no amulet)
                                (no ring)
                                (no ring)

@: no status effects
A: claws 1, rot immunity
a: no special abilities


You were on level 1 of the Dungeon.
You were not hungry.

You visited 1 branch of the dungeon, and saw 1 of its levels.

You collected 74 gold pieces.

Inventory:

Missiles
 d - 3 throwing nets (quivered)
Armour
 b - a +0 leather armour (worn)
 c - a +0 helmet (worn)
 i - a +1 pair of boots (worn)
Scrolls
 a - a scroll of amnesia {unknown}
 k - a scroll of recharging {unknown}
 m - a scroll of magic mapping {unknown}
Potions
 e - a potion of beneficial mutation {unknown}
 h - 2 potions of curing {unknown}
 j - a potion of flight {unknown}
Comestibles
 f - 2 bread rations
 g - a meat ration


   Skills:
 - Level 2.0 Fighting
   Level 3.8 Long Blades
 - Level 1.7 Throwing
 - Level 2.6 Dodging
 + Level 1.0 Unarmed Combat


You had 2 spell levels left.
You didn't know any spells.

Dungeon Overview and Level Annotations

Branches:
Dungeon (1/15)

Altars:


Innate Abilities, Weirdness & Mutations

You have sharp fingernails.
You are immune to rotting.


Message History

Your Unarmed Combat skill increases to level 1!
No target in view!
No target in view!
No target in view!
No target in view!
You now have 74 gold pieces (gained 25).
You see here a hobgoblin corpse.
A gnoll comes into view. It is wielding a spear of piercing.
The gnoll shouts!
The gnoll hits you from afar with a spear of piercing.
The gnoll hits you with a spear of piercing!
You completely miss the gnoll.
The gnoll hits you with a spear of piercing.
* * * LOW HITPOINT WARNING * * *
x2 You are too injured to fight recklessly!
You are too injured to fight recklessly!
You are too injured to fight recklessly!
You are too injured to fight recklessly!
The gnoll hits you from afar with a spear of piercing.
You die...

#.#.# #####..######### #####.
#.#.# #......... ......
#.#.###### #..#############...#.
#.#......###..)...........#...#.
#.#......#....).................
#.#......#...#.####...###.#...#.
#.#......#...#.# #...# #.#.#.#.
##.#......#...#.########
#.#(.... ..........#...#.@....#
#.#.#.#+ ####....#.#...#......#
#....... #....#.†...#...g..#
#####..÷
#.##########......'...........
#.# #......############ #.#
.......# .. #.# ........# ## #.#
.........# #.# ..........#


You could see a gnoll.

Vanquished Creatures
  A gnoll (D:1)
  A dart slug (D:1)
  2 giant cockroaches (D:1)
  2 goblins (D:1)
  5 hobgoblins (D:1)
  4 jackals (D:1)
  A bat (D:1)
  3 frilled lizards (D:1)
  6 kobolds (D:1)
  2 rats (D:1)
27 creatures vanquished.

Notes
Turn   | Place    | Note
-------+----------+-------------------------------------------
     0 | D:1      | Magnus the Demonspawn Gladiator began the quest for the Orb.
     0 | D:1      | Reached XP level 1. HP: 16/16 MP: 1/1
    18 | D:1      | Reached skill level 3 in Long Blades
   215 | D:1      | Gained mutation: You are immune to rotting. [demonic ancestry]
   215 | D:1      | Reached XP level 2. HP: 22/22 MP: 2/2
   572 | D:1      | Gained mutation: You have sharp fingernails. [demonic ancestry]
   572 | D:1      | Reached XP level 3. HP: 27/27 MP: 3/3
  1054 | D:1      | Reached skill level 1 in Unarmed Combat
  1069 | D:1      | Slain by a gnoll

Skill      XL: |  1  2  3 |
---------------+----------+-----
Long Blades    | 3 |  3.8
Unarmed Combat | 1 |  1.0
Fighting       | |  2.0
Throwing       | |  1.7
Dodging        | |  2.6

Action                   || total
-------------------------++-------
Melee: Long sword        ||    45
       Unarmed           ||    54
 Stab: Sleeping          ||     1
  Eat: Chunk             ||     1
Armor: Leather armour    ||    35
Dodge: Dodged            ||    87
       Rpst.: Long sword ||     8
